 Dungeon Crawl Stone Soup version 0.15.1-4-gac8487e (webtiles) character file.

106 Johnny the Chiller (level 4, -1/36 HPs)
             Began as a Demigod Ice Elementalist on Oct 15, 2014.
             Slain by a gnoll
             ... wielding a +0 flail
              (8 damage)
             ... on Level 4 of the Dungeon.
             The game lasted 00:05:56 (2640 turns).

Johnny the Chiller (Demigod Ice Elementalist)       Turns: 2640, Time: 00:05:56

HP  -1/36        AC  5     Str 12      XL: 4   Next: 30%
MP   4/11        EV  9     Int 20      God:
Gold 195         SH  0     Dex 17      Spells:  2 memorised,  3 levels left

rFire  . . .     SeeInvis .     d - +0 dagger (venom)
rCold  . . .     Clarity  .     h - +0 ring mail
rNeg   . . .     rCorr    .     (no shield)
rPois  .         rRot     .     (no helmet)
rElec  .         Spirit   .     (no cloak)
SustAb .         Warding  .     (no gloves)
rMut   .         Stasis   .     (no boots)
Gourm  .                        (no amulet)
MR     .....                    (no ring)
                                (no ring)

@: very slightly contaminated, not resistant to hostile enchantments, very
unstealthy
A: icy blue scales 1, slimy green scales 1, deformed body
a: no special abilities


You were on level 4 of the Dungeon.
You were hungry.

You visited 1 branch of the dungeon, and saw 4 of its levels.

You collected 195 gold pieces.

Inventory:

Hand weapons
 d - a +0 dagger of venom (weapon)
 n - a +2 whip of electrocution
Armour
 h - a +0 ring mail (worn)
Comestibles
 c - 2 bread rations
 k - 3 slices of pizza
 l - a royal jelly
 q - a beef jerky
 x - 3 fruits
Scrolls
 a - a scroll of blinking {unknown}
 e - 2 scrolls of random uselessness {unknown}
 f - 2 scrolls of fear {unknown}
 i - a scroll of fog {unknown}
 m - 2 scrolls of amnesia
 o - a scroll of recharging {unknown}
 r - 2 scrolls of remove curse {unknown}
 s - 3 scrolls of identify {unknown}
 u - a scroll of noise {unknown}
 v - a scroll of magic mapping {unknown}
Jewellery
 y - an uncursed ring of fire
Potions
 g - a potion of agility {unknown}
 j - 4 potions of curing
 w - a potion of heal wounds {unknown}
Books
 b - a book of Frost

   Spells                             Type                      Level
   *Freeze                            Ice                          1
   Throw Frost                        Conjuration/Ice              2
   Ozocubu's Armour                   Charms/Ice                   3
   Throw Icicle                       Conjuration/Ice              4
   *Summon Ice Beast                  Ice/Summoning                4
   Condensation Shield                Ice                          4


   Skills:
 * Level 2.0 Fighting
 + Level 1.0 Armour
 + Level 2.1 Dodging
 + Level 1.8 Stealth
 * Level 2.5 Spellcasting
   Level 0.8 Conjurations
 * Level 0.0 Summonings
 * Level 3.2 Ice Magic


You had 3 spell levels left.
You knew the following spells:

 Your Spells              Type           Power        Failure   Level  Hunger
a - Freeze                Ice            ###.         8%          1    None
b - Summon Ice Beast      Ice/Summ       #.......     94%         4    ####...


Dungeon Overview and Level Annotations

Branches:
Dungeon (4/15)
 Temple: D:4-7


Innate Abilities, Weirdness & Mutations

You are partially covered in icy blue scales (AC +1).
You are partially covered in slimy green scales (AC +2).
Armour fits poorly on your strangely shaped body.


Message History

Read which item? (? for menu, Esc to quit)
As you read the scroll labeled CLOBIXZU WATAMOTYNN, it crumbles to dust.
Forget which spell ([?*] list [ESC] exit)?
Forget which spell ([?*] list [ESC] exit)?
Okay, then.
It was a scroll of amnesia.
The gnoll hits you with a flail!
* * * LOW HITPOINT WARNING * * *
A bat skeleton comes into view.
Unknown command.
Drink which item? (? for menu, Esc to quit)
You feel better.
It was a potion of curing.
The gnoll hits you with a flail.
* * * LOW HITPOINT WARNING * * *
Unknown command.
Drink which item? (? for menu, Esc to quit)
You feel extremely strange.
Slimy green scales grow over part of your body.
Your body twists and deforms.
Icy blue scales grow over part of your body.
It was a potion of mutation.
The gnoll hits you with a flail!
You die...

......# .......# . .....g#
#########.. lgg..###...........
..................# #.#
#..g.........#
######.####............#
..........g..g.........#
##.....####..g.g@..$...# #.#####
#.####......... #.# #.#
#.....?... ##.# #.# #...........
..# #.# #...........#####
###########.####.......... #...##
..........#............P...#.#.#.
....g.g.........Z................
.########.#####.##......######.#(


You could see a gnoll shaman, 4 gnolls and a bat skeleton (wandering).

Vanquished Creatures
  A hound (D:4)
  An adder (D:2)
  A worm (D:2)
  An orc (D:3)
  A bat skeleton (D:3)
  2 giant cockroaches
  5 hobgoblins
  6 kobolds
  2 quokkas (D:3)
  12 bats
  3 giant geckos
  3 giant newts
  8 goblins
  6 rats
52 creatures vanquished.

Vanquished Creatures (others)
  A giant spore (D:4)
1 creature vanquished.

Grand Total: 53 creatures vanquished

Notes
Turn   | Place    | Note
--------------------------------------------------------------
     0 | D:1      | Johnny, the Demigod Ice Elementalist, began the quest for the Orb.
     0 | D:1      | Reached XP level 1. HP: 14/14 MP: 3/3
   305 | D:1      | Reached XP level 2. HP: 13/22 MP: 4/4
   432 | D:1      | Reached skill level 1 in Fighting
   751 | D:2      | Reached XP level 3. HP: 7/28 MP: 1/8
   938 | D:2      | Reached skill level 3 in Ice Magic
  2071 | D:4      | Reached XP level 4. HP: 31/36 MP: 9/11
  2092 | D:4      | Learned a level 4 spell: Summon Ice Beast
  2334 | D:4      | Noticed an ogre
  2600 | D:4      | Reached skill level 1 in Armour
  2640 | D:4      | Gained mutation: You are partially covered in slimy green scales (AC +2). [potion of mutation]
  2640 | D:4      | Gained mutation: Armour fits poorly on your strangely shaped body. [potion of mutation]
  2640 | D:4      | Gained mutation: You are partially covered in icy blue scales (AC +1). [potion of mutation]
  2640 | D:4      | Slain by a gnoll

Action                   |  1- 3 |  4- 6 || total
-------------------------+-------+-------++-------
Melee: Dagger            |   128 |     4 ||   132
       Unarmed           |     1 |       ||     1
 Cast: Freeze            |    13 |       ||    13
  Use: Potion            |       |     2 ||     2
       Scroll            |       |     1 ||     1
 Stab: Sleeping          |     3 |       ||     3
  Eat: Chunk             |     3 |     2 ||     5
